 Dungeon Crawl Stone Soup version 0.19-a0-1891-ge1d1fe8 (webtiles) character file.

88 Eniamerus the Covert (level 4, 0/22 HPs)
             Began as a Spriggan Assassin on Oct 18, 2016.
             Slain by a hobgoblin (4 damage)
             ... led by Robin
             ... on level 2 of the Dungeon.
             The game lasted 00:02:40 (1536 turns).

Eniamerus the Covert (Spriggan Assassin)            Turns: 1536, Time: 00:02:41

Health: 0/22       AC:  3    Str:  7    XL:     4   Next: 30%
Magic:  5/5        EV: 17    Int: 12    God:
Gold:   64         SH:  0    Dex: 18    Spells: 0 memorised, 3 levels left

rFire  . . .     SeeInvis +     p - +3 short sword (drain)
rCold  . . .     Gourm    .     c - +0 robe
rNeg   . . .     Faith    .     (shield restricted)
rPois  .         Spirit   .     (helmet restricted)
rElec  .         Reflect  .     d - +0 cloak
rCorr  .         Harm     .     (gloves unavailable)
MR     .....                    (boots unavailable)
Stlth  ++++......               (no amulet)
                                (no ring)
                                (no ring)

@: very quick
A: unfitting armour, see invisible, herbivore 3, speed 3, slow metabolism 2
a: no special abilities


You were on level 2 of the Dungeon.
You were not hungry.

You visited 1 branch of the dungeon, and saw 2 of its levels.

You collected 64 gold pieces.

Inventory:

Hand Weapons
 a - a +2 dagger
 b - a +0 blowgun
 o - a +1 dagger of venom
 p - a +3 short sword of draining (weapon)
Missiles
 e - 9 poisoned needles
 f - 2 curare-tipped needles
Armour
 c - a +0 robe (worn)
 d - a +0 cloak (worn)
Scrolls
 j - a scroll of amnesia {unknown}
 k - 2 scrolls of teleportation {unknown}
 l - a scroll of fear {unknown}
 n - a scroll of enchant armour {unknown}
 q - 2 scrolls of identify {unknown}
Potions
 h - a potion of agility {unknown}
 i - a potion of curing {unknown}
 m - a potion of haste {unknown}
Comestibles
 g - 2 bread rations


   Skills:
 - Level 1.5 Fighting
 - Level 2.1 Short Blades
 - Level 2.0 Throwing
 - Level 1.5 Dodging
 + Level 8.9 Stealth


You had 3 spell levels left.
You didn't know any spells.

Dungeon Overview and Level Annotations

Branches:
Dungeon (2/15)

Altars:


Innate Abilities, Weirdness & Mutations

You are very small and have problems with some larger weapons.
You are too small for most types of armour.
You have supernaturally acute eyesight. (SInv)
You are a herbivore.
You cover ground extremely quickly.
You need consume almost no food.


Message History

The hobgoblin hits you but does no damage.
The hobgoblin barely misses you.
You closely miss the adder. The adder misses you. The hobgoblin misses you.
The adder completely misses you. The hobgoblin misses you.
You hit the adder.
The adder is moderately wounded.
The hobgoblin completely misses you. The adder bites you but does no damage.
The hobgoblin barely misses you.
You hit the adder but do no damage.
The adder is moderately wounded.
The adder bites you. The hobgoblin hits you. The hobgoblin closely misses you.
You hit the adder.
The adder is heavily wounded.
The adder bites you. The hobgoblin completely misses you.
You puncture the adder!
You kill the adder!
The goblin shoots a stone.
The stone hits you.
* * * LOW HITPOINT WARNING * * *
The hobgoblin closely misses you. The hobgoblin hits you.
You die...

....................#.#
##.........#........#.#
...........$........#.
....................#
...........$......(.#
....................####
............#..)(.......
.................)......
#....###########@g......
...........# #.g....##
..########.# ###g.....#
.......[.#.# ...........
.<.......# ###.......###
......g..# .........#
....#....#####รท...>..#
....###.l(#..........#
....# ###............#


You could see 2 hobgoblins and a goblin.

Vanquished Creatures
  Terence (D:2)
  Robin (D:2)
  2 adders (D:2)
  A worm (D:2)
  A dart slug (D:1)
  2 leopard geckos (D:1)
  4 bats (D:1)
  A giant cockroach (D:2)
  6 goblins (D:2)
  A hobgoblin (D:2)
  5 frilled lizards
  2 kobolds (D:1)
  4 rats
31 creatures vanquished.

Notes
Turn   | Place    | Note
-------+----------+-------------------------------------------
     0 | D:1      | Eniamerus the Spriggan Assassin began the quest for the Orb.
     0 | D:1      | Reached XP level 1. HP: 10/10 MP: 2/2
    31 | D:1      | Reached skill level 6 in Stealth
   294 | D:1      | Reached XP level 2. HP: 14/14 MP: 3/3
   934 | D:1      | Reached skill level 7 in Stealth
  1103 | D:2      | Noticed Robin
  1116 | D:2      | Found a faded altar of an unknown god.
  1140 | D:2      | Noticed Terence
  1163 | D:2      | Killed Terence
  1163 | D:2      | Reached skill level 8 in Stealth
  1163 | D:2      | Reached XP level 3. HP: 12/18 MP: 4/4
  1525 | D:2      | Reached XP level 4. HP: 18/22 MP: 5/5
  1530 | D:2      | Killed Robin
  1536 | D:2      | Slain by a hobgoblin

Vault maps used:
D:1:      tarquinn_simple_flora_water_a
D:2:      lemuel_round_altar, ecumenical_altar_1, serial_co_window_serial,
          co_window_corner_a, co_window_paths_a, co_window_corner_a,
          co_window_paths_a, co_window_paths_a, co_window_corner_ca,
          co_window_broadway_b, co_window_unsneaky_path_d, co_window_sun,
          co_window_paths_d, glass_columns_a, glass_columns_b, glass_columns_b,
          uniq_terence, uniq_robin

Skill      XL: |  1  2 |
---------------+-------+-----
Stealth        | 6 8 |  8.9
Fighting       | |  1.5
Short Blades   | |  2.1
Throwing       | |  2.0
Dodging        | |  1.5

Action                   |  1- 3 |  4- 6 || total
-------------------------+-------+-------++-------
Melee: Dagger            |    41 |       ||    41
       Short sword       |     9 |    10 ||    19
 Fire: Blowgun           |    17 |       ||    17
 Stab: Sleeping          |     9 |       ||     9
Armor: Robe              |     3 |     2 ||     5
Dodge: Dodged            |    33 |    17 ||    50
